 Dungeon Crawl Stone Soup version 0.28.0 (webtiles) character file.

Game seed: 13234241015730108138

9 HallandMoats the Skirmisher (level 2, 20/24 HPs)
             Began as a Demonspawn Monk on Feb 6, 2022.
             Got out of the dungeon alive.
             The game lasted 00:00:33 (410 turns).

HallandMoats the Skirmisher (Demonspawn Monk)        Turns: 410, Time: 00:00:33

Health: 20/24      AC:  5    Str: 11    XL:     2   Next: 3%
Magic:  2/2        EV: 11    Int: 11    God:
Gold:   25         SH:  0    Dex: 15    Spells: 1/1 levels left

rFire   . . .      SeeInvis .   b - +1 whip (venom)
rCold   . . .      Faith    .   (no shield)
rNeg    . . .      Spirit   .   d - +0 ring mail
rPois   .          Reflect  .   (no helmet)
rElec   .          Harm     .   (no cloak)
rCorr   .          Rampage  .   (no gloves)
Will    .....                   (no boots)
Stlth   +.........              (no amulet)
HPRegen 0.08/turn               (no ring)
MPRegen 0.08/turn               (no ring)

@: no status effects
A: foul stench 1
a: no special abilities


You escaped.
You visited 1 branch of the dungeon, and saw 1 of its levels.

You collected 25 gold pieces.

Inventory:

Hand Weapons
 b - a +1 whip of venom (weapon)
Armour
 d - a +0 ring mail (worn)
Potions
 c - a potion of berserk rage {unknown}


   Skills:
 * Level 3.1 Fighting
 + Level 0.2 Armour
 + Level 2.8 Dodging
 - Level 1.7 Stealth
 * Level 2.8 Unarmed Combat
 + Level 0.7 Invocations


You had one spell level left.
You didn't know any spells.
Your spell library was empty.

Dungeon Overview and Level Annotations

Branches:
Dungeon (1/15)

Altars:


Innate Abilities, Weirdness & Mutations

You may rarely emit foul miasma when damaged in melee.


Message History

You start putting on your armour.
You continue putting on your +0 ring mail. x5
You finish putting on your +0 ring mail.
You drop a +0 robe.
Key pressed, stopping explore.
A quokka comes into view.
A quokka is nearby!
A quokka is nearby!
A quokka is nearby!
A quokka is nearby!
The quokka closely misses you.
You hit the quokka.
The quokka is moderately wounded.
The quokka closely misses you. The quokka bites you.
You closely miss the quokka.
The quokka is moderately wounded.
The quokka bites you.
You closely miss the quokka.
The quokka is moderately wounded.
The quokka bites you.
You barely miss the quokka.
The quokka is moderately wounded.
The quokka barely misses you. The quokka closely misses you.
You miss the quokka.
The quokka is moderately wounded.
The quokka barely misses you.
You closely miss the quokka.
The quokka is moderately wounded.
The quokka barely misses you.
You hit the quokka.
You kill the quokka!
You have reached level 2!
Your demonic ancestry asserts itself...
You begin to emit a foul stench of rot and decay.
(D) Dungeon
Where to? (Enter - D:1 @ (x,y), ? - help)
What level of the Dungeon? (default 1, ? - help)
There is a staircase leading out of the dungeon here.
Are you sure you want to leave the Dungeon?
This will make you lose the game!
You have escaped!

###........##.##......
##..P.♣........##......
##.♣♣........##.........
##...♣♣♣...PP..#....()...
#..♣.......♣....#..#.÷...
#♣.....P.P..♣............
#♣...P.....P....#..#.....
#P...........♣..#..####.#
#...P...@...P......####.#
#♣.♣.........P.P........#
.....P.....P.....#.####.#
#.......P.P....P..#.# #.#
#.....♣.......P♣♣.#.##
#.#
.#♣...P.PP..♣P......###.#
#....P....P.#...#.....#
##....PP♣.♣####...#####
). ##.##


There were no monsters in sight!

Vanquished Creatures
  A dart slug (D:1)
  A giant cockroach (D:1)
  A goblin (D:1)
  A kobold (D:1)
  A quokka (D:1)
  A rat (D:1)
6 creatures vanquished.

Notes
Turn   | Place    | Note
-------+----------+-------------------------------------------
     0 | D:1      | HallandMoats the Demonspawn Monk began the quest for the
                  | Orb.
     0 | D:1      | Reached XP level 1. HP: 18/18 MP: 1/1
   344 | D:1      | Gained mutation: You may rarely emit foul miasma when
                  | damaged in melee. [demonic ancestry]
   344 | D:1      | Reached XP level 2. HP: 15/24 MP: 2/2
   410 | D:$      | Got out of the dungeon alive.

Illustrated notes

Levels and vault maps discovered:
D:1:      wander_arrival_fairy_ring, layout_loops_ring,
          ebering_ecumenical_altar_petrified, wad_floor_pattern_untrapped

Action                   || total
-------------------------++-------
Melee: Whip              ||    10
       Unarmed           ||     6
Dodge: Dodged            ||    12
